 Dungeon Sprint DCSS version 0.28-a0-71-g84acfa7270 (webtiles) character file.

Game seed: 1890536999072995165

0 Zeldest the Gusty (level 1, -9/15 HPs)
             Began as a Demonspawn Air Elementalist on Aug 2, 2021.
             Mangled by Sigmund (13 damage)
             ... in the Dungeon (Sprint VI: "Thunderdome").
             The game lasted 00:00:46 (20 turns).

Zeldest the Gusty (Demonspawn Air Elementalist)       Turns: 20, Time: 00:00:46

Health: -9/15      AC:  2    Str:  8    XL:     1   Next: 33%
Magic:  0/3        EV: 12    Int: 16    God:
Gold:   200        SH:  0    Dex: 13    Spells: 3/4 levels left

rFire   . . .      SeeInvis .     - Unarmed
rCold   . . .      Faith    .   (no shield)
rNeg    . . .      Spirit   .   a - +0 robe
rPois   .          Reflect  .   (no helmet)
rElec   .          Harm     .   (no cloak)
rCorr   .          Rampage  .   (no gloves)
Will    .....      NoTele   +   (no boots)
Stlth   +.........              (no amulet)
HPRegen 0.05/turn               (no ring)
MPRegen 0.08/turn               (no ring)

@: confused
A: no striking features
a: no special abilities


You were in the Dungeon.
You visited 1 branch You collected 200 gold pieces.

Inventory:

Armour
 a - a +0 robe (worn)
Wands
 h - a wand of acid (4)
 i - a wand of iceblast (5)
Scrolls
 g - 4 scrolls of blinking
 j - 3 scrolls of fog
Potions
 b - a potion of curing
 c - 4 potions of heal wounds
 d - 4 potions of haste
 e - 2 potions of magic
 f - a potion of berserk rage
 k - a potion of resistance


   Skills:
 + Level 1.2 Fighting
 - Level 1.7 Dodging
 - Level 1.7 Stealth
 + Level 1.1 Unarmed Combat
 - Level 2.0 Spellcasting
 - Level 1.0 Conjurations
 + Level 3.1 Air Magic


You had 3 spell levels left.
You knew the following spells:

 Your Spells              Type           Power      Damage    Failure   Level
a - Shock                 Conj/Air       32%        1d5       9%          1

Your spell library contained the following spells:

 Spells                   Type           Power      Damage    Failure   Level
 Static Discharge         Conj/Air       8%         N/A       14%         2
 Swiftness                Air            11%        N/A       17%         3
 Airstrike                Air            5%         N/A       50%         4


Dungeon Overview and Level Annotations

Branches:
Dungeon (1/1)

Altars:
Kikubaaqudgha
Okawaru
Qazlal
Trog
Vehumet
Beogh
Jiyva
Lugonu

Shops:
D *[?*(

Annotations:
D Sigmund


Message History

The zap hits Sigmund but does no damage.
Sigmund is lightly wounded.
The dart slug barely misses you.
Casting: Shock (safe; 10% risk of failure)
Confirm with . or Enter, or press ? or * to list all spells.
Aiming: Shock (safe; 10% risk of failure)
Press: ? - help, Shift-Dir - straight line, f/p - Sigmund
Aim: Sigmund, wielding a +0 scythe and wearing a +0 robe of the Archmagi (lightly wounded, 64% to hit)
The zap hits the dart slug.
You kill the dart slug!
The zap hits Sigmund.
Sigmund is lightly wounded.
Your Fighting skill increases to level 1!
Your Unarmed Combat skill increases to level 1!
Your Air Magic skill increases to level 3!
Aiming: Corrosive Bolt
Press: ? - help, Shift-Dir - straight line, f/p - Sigmund
Aim: Sigmund, wielding a +0 scythe and wearing a +0 robe of the Archmagi (lightly wounded, 68% to hit)
The bolt of acid hits Sigmund!
Sigmund is splashed with acid!
The acid corrodes Sigmund!
Sigmund is almost dead.
Casting: Shock (safe; 9% risk of failure)
Confirm with . or Enter, or press ? or * to list all spells.
You don't have enough magic to cast this spell.
Unknown command.
Sigmund casts a spell at you.
You are confused.
You see here a dart slug corpse.
You bump into the granite statue.
Sigmund closely misses you.
You miss Sigmund.
Sigmund is almost dead.
Sigmund closely misses you.
You bump into the stone wall.
Sigmund hits you with a +0 scythe!
Ouch! That really hurt!
Sigmund hits you with a +0 scythe.
* * * LOW HITPOINT WARNING * * *
You are too confused!
Sigmund hits you from afar with a +0 scythe!
Ouch! That really hurt!
You die...

...... .....
##∩........8. .8..
.............###..
..........# #...#
..........# #.<.#
..........###...#
.............###.....
#∩........8.# .8...
#∩___@.....### .....
######†8.........8.#
#⌠@..........⌠#
###.........###
#_......._ #........_
#_......._ #∩.......∩
....


You could see Sigmund (corroded).

Vanquished Creatures
  A dart slug (D)
1 creature vanquished.

Notes
Turn   | Place    | Note
-------+----------+-------------------------------------------
     0 | D        | Zeldest the Demonspawn Air Elementalist began the quest for
                  | the Orb.
     0 | D        | Reached XP level 1. HP: 13/13 MP: 3/3
     1 | D        | Found an iron altar of Okawaru.
     1 | D        | Found an ancient bone altar of Kikubaaqudgha.
     2 | D        | Found a stormy altar of Qazlal.
     3 | D        | Found a corrupted altar of Lugonu.
     3 | D        | Found a viscous altar of Jiyva.
     4 | D        | Found a radiant altar of Vehumet.
     4 | D        | Found a bloodstained altar of Trog.
     4 | D        | Found Onilehit's Premium Goods.
     4 | D        | Found Etoweng's Weapon Rack.
     5 | D        | Found Zoxig's Identification Station.
     5 | D        | Round 1.
     6 | D        | Found Xuuschelamo's Advanced Armour.
     6 | D        | Found Xoryukio's Jewellery.
     9 | D        | Noticed Sigmund
    14 | D        | Reached skill level 1 in Fighting
    14 | D        | Reached skill level 1 in Unarmed Combat
    14 | D        | Reached skill level 3 in Air Magic
    20 | D        | Mangled by Sigmund

Illustrated notes

Levels and vault maps discovered:
D:        arena_sprint

Skill      XL: |  1 |
---------------+----+-----
Fighting       | 1 |  1.2
Unarmed Combat | 1 |  1.1
Air Magic      | 3 |  3.1
Dodging        | |  1.7
Stealth        | |  1.7
Spellcasting   | |  2.0
Conjurations   | |  1.0

Action                   || total
-------------------------++-------
Melee: Unarmed           ||     3
 Cast: Shock             ||     3
Evoke: Wand              ||     1
Armor: Robe              ||     1
Dodge: Dodged            ||     4

Table legend: (Time is in decaauts)
 A = Elapsed time spent in this place.
 B = Non-inter-level travel time spent in this place.
 C = Inter-level travel time spent in this place.
 D = Time resting spent in this place.
 E = Time spent auto-exploring this place.
 F = Levels seen in this place.
 G = Mean time per level.
                   A        B        C        D        E       F      G
               +--------+--------+--------+--------+--------+-----+--------+
         Total |     20 |     20 |      0 |      0 |      0 |   1 |   20.0 |
       Dungeon |     20 |     20 |      0 |      0 |      0 |   1 |   20.0 |
               +--------+--------+--------+--------+--------+-----+--------+

Top non-repeatable levels by time:
       D: 20 daAuts
